 Dungeon Crawl Stone Soup version 0.31.0-32-g396128a36d (webtiles) character file.

Game seed: 3156406539856452689

6 mainiacjoe the Trooper (level 1, 0/16 HPs)
             Began as an Octopode Fighter on Mar 21, 2024.
             Slain by a hobgoblin (5 damage)
             ... on level 1 of the Dungeon.
             The game lasted 00:02:02 (161 turns).

mainiacjoe the Trooper (Octopode Fighter)            Turns: 161, Time: 00:02:02

Health: 0/16       AC:  1    Str: 15    XL:     1   Next: 90%
Magic:  1/1        EV: 13    Int: 10    God:
Gold:   9          SH:  4    Dex: 11    Spells: 0/0 levels left

rFire   . . .        a - +0 long sword
rCold   . . .        b - +0 buckler
rNeg    . . .        (helmet restricted)
rPois   .            (no amulet)
rElec   .            (no ring)
rCorr   .            (no ring)
SInv    .            (no ring)
Will    .....        (no ring)
Stlth   ++           (no ring)
HPRegen 0.22/turn    (no ring)
MPRegen 0.07/turn    (no ring)
                     (no ring)

%: no passive effects
@: no status effects
A: almost no armour, amphibious, 8 rings, camouflage 1, gelatinous body 1,
(nimble swimmer 1), tentacles
a: no special abilities


You were on level 1 of the Dungeon.
You visited 1 branch of the dungeon, and saw 1 of its levels.

You collected 9 gold pieces.

Inventory:

Hand Weapons
 a - a +0 long sword (weapon)
Armour
 b - a +0 buckler (worn)
Potions
 c - a potion of might
 d - a potion of resistance {unknown}


   Skills:
 * Level 3.1 Fighting
 * Level 2.2 Long Blades
 + Level 3.0 Dodging
 + Level 3.0 Shields


You couldn't memorise any spells.
You didn't know any spells.
Your spell library was empty.

Dungeon Overview and Level Annotations

Branches:
Dungeon (1/15)

Altars:


Innate Abilities, Weirdness & Mutations

You cannot wear most types of armour.
You are amphibious.
You can wear up to eight rings at the same time.
Your skin changes colour to match your surroundings (Stealth+).
Your rubbery body absorbs attacks. (AC +1, EV +1)
((You are camouflaged when in or above water. (Stealth+)))
You have tentacles for arms and can constrict up to eight enemies at once.


Message History

You kill the endoplasm!
No target in view!
Welcome back, mainiacjoe the Octopode Fighter.
Press ? for a list of commands and other information.
HP restored.
d - a ruby potion
Found a stone staircase leading down.
As you open the door, it creaks loudly!
A quokka and a bat come into view.
The quokka moves out of view.
The bat moves out of view.
The bat completely misses you.
There is an open door here.
You closely miss the bat. You grab the bat. You constrict the bat.
The bat misses you.
The bat struggles to escape constriction.
The bat escapes!
A hobgoblin comes into view.
The bat closely misses you. The bat hits you. The quokka closely misses you.
You hit the bat.
You kill the bat!
The quokka misses you.
You barely miss the quokka. Your grab misses the quokka. The quokka misses you.
The quokka barely misses you.
You closely miss the quokka. Your grab misses the quokka.
Your squeeze misses the quokka. You block the quokka's attack.
The hobgoblin closely misses you. The quokka closely misses you.
You closely miss the quokka. Your grab misses the quokka.
The hobgoblin hits you. The quokka bites you.
You hit the quokka. Your grab misses the quokka.
The quokka is heavily wounded.
The quokka bites you. You block the hobgoblin's attack.
The quokka barely misses you. The hobgoblin hits you.
You are too injured to fight recklessly!
You are too injured to fight recklessly!
You are too injured to fight recklessly!
You are too injured to fight recklessly!
You hit the hobgoblin. Your grab misses the hobgoblin.
The hobgoblin is severely wounded.
The quokka closely misses you. The hobgoblin hits you.
You die...

############
#..........#
#.########.##
#.#.........#
#.#.######..#
#####'#.# #..#
#....@g.# #..######
#...r........#........
#......#####.#........
#......+ #........
#......# ####........
#......+ .............
#......# #>...........
#..................###
.........#.###


You could see a quokka and a hobgoblin.

Vanquished Creatures
  A bat (D:1)
  An endoplasm (D:1)
  2 goblins (D:1)
  A kobold (D:1)
5 creatures vanquished.

Notes
Turn   | Place    | Note
-------+----------+-------------------------------------------
     0 | D:1      | mainiacjoe the Octopode Fighter began the quest for the
                  | Orb.
     0 | D:1      | Reached XP level 1. HP: 16/16 MP: 1/1
   161 | D:1      | Slain by a hobgoblin

Illustrated notes

Levels and vault maps discovered:
D:1:      tarquinn_simple_flora_water_f, layout_basic, minmay_misc_feat_alley

Action                     || total
---------------------------++-------
  Melee: Long sword        ||    16
         Constrict         ||     3
         Tentacles         ||     3
 Armour: Skin              ||     9
  Dodge: Dodged            ||    14
  Block: Buckler           ||     3
